 Dungeon Crawl Stone Soup version 0.22-a0-354-g30dfbe6 (webtiles) character file.

251 Kairos the Chopper (level 6, -6/32 HPs)
             Began as a Vine Stalker Fighter on Apr 16, 2018.
             Killed by divine providence
             ... invoked by an orc priest
              (13 damage)
             ... on level 3 of the Dungeon.
             The game lasted 00:03:59 (2464 turns).

Kairos the Chopper (Vine Stalker Fighter)           Turns: 2464, Time: 00:04:00

Health: -6/32      AC:  7    Str: 19    XL:     6   Next: 13%
Magic:  0/7        EV:  7    Int: 10    God:
Gold:   109        SH:  9    Dex: 13    Spells: 5/5 levels left

rFire    + . .     SeeInvis .   a - +0 war axe
rCold    x . .     Gourm    .   c - +0 shield
rNeg     . . .     Faith    .   b - +0 scale mail
rPois    +         Spirit   +   y - +0 helmet
rElec    .         Reflect  .   (no cloak)
rCorr    .         Harm     .   (no gloves)
MR       .....                  (no boots)
Stlth    ..........             e - amulet of regeneration
HPRegen  0.90/turn              m - ring of poison resistance
MPRegen  0.10/turn              p - ring of fire

@: no status effects
A: fangs 2, regeneration 1, magic shield, antimagic bite, no potion heal 3, rot
immunity
a: no special abilities


You were on level 3 of the Dungeon.
You were very hungry.

You visited 1 branch of the dungeon, and saw 3 of its levels.

You collected 109 gold pieces.

Inventory:

Hand Weapons
 a - a +0 war axe (weapon)
 t - a +2 flail of holy wrath
Missiles
 x - 5 tomahawks (quivered)
Armour
 b - a +0 scale mail (worn)
 c - a +0 shield (worn)
 u - a +1 leather armour of fire resistance
 y - a +0 helmet (worn)
Jewellery
 e - an amulet of regeneration (around neck)
 m - a ring of poison resistance (left hand)
 p - a ring of fire (right hand)
Scrolls
 i - 2 scrolls of teleportation {unknown}
 n - 2 scrolls of enchant weapon {unknown}
 o - 2 scrolls of remove curse {unknown}
 q - 2 scrolls of identify
 r - 3 scrolls of immolation {unknown}
Potions
 d - a potion of might
 g - a potion of resistance {unknown}
 h - a potion of curing {unknown}
 j - a potion of ambrosia {unknown}
 k - a potion of agility {unknown}
 l - 2 potions of brilliance {unknown}
 s - a potion of flight {unknown}
 v - 2 potions of cancellation {unknown}
 w - a potion of mutation {unknown}
 z - a potion of degeneration {unknown}
 A - a potion of invisibility {unknown}
Comestibles
 f - 3 rations


   Skills:
 + Level 3.3 Fighting
 + Level 4.0 Axes
 + Level 3.0 Armour
 + Level 0.8 Dodging
 + Level 0.2 Stealth
 + Level 3.6 Shields


You had 5 spell levels left.
You didn't know any spells.

Dungeon Overview and Level Annotations

Branches:
Dungeon (3/15)

Altars:
Makhleb
Xom


Innate Abilities, Weirdness & Mutations

You have extremely sharp teeth.
Your natural rate of healing is unusually fast.
When hurt, damage is shared between your health and your magic reserves.
Your bite disrupts and absorbs the magic of your enemies.
Potions cannot restore your health.
You are immune to rotting.


Message History

You closely miss the orc. You bite the orc. You drain its power.
The orc is moderately wounded.
The orc hits you with a dagger. The orc hits you but does no damage.
Your scale mail prevents you from hitting the orc.
You bite the orc, but do no damage.
The orc is moderately wounded.
The orc closely misses you. You block the orc warrior's attack.
You slash the orc!
You kill the orc!
You block the orc warrior's attack. You block the orc warrior's attack.
You see here a dagger.
You hit the orc warrior but do no damage.
The orc warrior hits you with a halberd!!
You closely miss the orc warrior. Your bite misses the orc warrior.
The orc warrior hits you with a halberd!
* * * LOW HITPOINT WARNING * * *
The orc priest invokes the aid of Beogh against you.
Beogh smites you!
You die...

#.#...##.#.....#.#
#........#.....#.#
###..<####..#.##.#
....>##........#.#
#####.......#..#.#
#.#.###.#.##.#
#.#.#...#....#
#.#.#.############### #
#.#.#.##oooo@.......#
#####.#.#.##.#########.##
...†..#....# #.#
############ #.# ......
#.# ############ #.#
...#.......##### #.#
##.#.#####.....# #.#
...#.# #####.# #.#


You could see an orc warrior, an orc priest and 2 orcs.

Vanquished Creatures
  A crimson imp (D:3)
  3 worker ants
  Robin (D:3)
  4 adders
  An ooze (D:1)
  2 worms
  2 dart slugs (D:2)
  3 leopard geckos
  5 orcs
  9 bats (D:1)
  3 giant cockroaches
  12 goblins
  11 hobgoblins
  4 jackals (D:3)
  2 ball pythons (D:1)
  6 frilled lizards
  10 kobolds
  6 rats
85 creatures vanquished.

Notes
Turn   | Place    | Note
-------+----------+-------------------------------------------
     0 | D:1      | Kairos the Vine Stalker Fighter began the quest for the Orb.
     0 | D:1      | Reached XP level 1. HP: 11/11 MP: 2/2
   115 | D:1      | Reached XP level 2. HP: 6/16 MP: 1/3
   472 | D:1      | Reached skill level 2 in Axes
   472 | D:1      | Reached XP level 3. HP: 15/20 MP: 4/4
  1156 | D:2      | Gained mutation: Your natural rate of healing is unusually fast. [Vine Stalker growth]
  1156 | D:2      | Reached XP level 4. HP: 21/24 MP: 5/5
  1593 | D:2      | Found a burning altar of Makhleb.
  1862 | D:3      | Reached skill level 3 in Axes
  1939 | D:3      | Reached XP level 5. HP: 27/28 MP: 6/6
  1975 | D:3      | Noticed Robin
  2030 | D:3      | Killed Robin
  2091 | D:3      | Found a shimmering altar of Xom.
  2227 | D:3      | Reached XP level 6. HP: 29/32 MP: 5/7
  2278 | D:3      | Reached skill level 4 in Axes
  2456 | D:3      | Noticed an orc warrior
  2464 | D:3      | Killed from afar by an orc priest

Vault maps used:
D:1:      dpeg_arrival_circle_labyrinth_c
D:2:      lemuel_round_altar
D:3:      minmay_misc_feat_nine_boxes, xom_teletrap_fun, uniq_robin

Skill      XL: |  1  2  3  4  5  6 |
---------------+-------------------+-----
Fighting       | 3 |  3.3
Axes           | 2 3 4 |  4.0
Shields        | 3 |  3.6
Armour         | 3 |  3.0
Dodging        | |  0.8
Stealth        | |  0.2

Action                   |  1- 3 |  4- 6 || total
-------------------------+-------+-------++-------
Melee: War axe           |    73 |   112 ||   185
       Bite              |     7 |    31 ||    38
  Use: Scroll            |       |     1 ||     1
  Eat: Chunk             |       |     4 ||     4
Armor: Scale mail        |    48 |    22 ||    70
       Leather armour    |       |    18 ||    18
Dodge: Dodged            |    28 |    45 ||    73
Block: Shield            |    50 |    76 ||   126

Table legend:
 A = Spawn XP
 B = Non-spawn XP
 C = Spawn XP percentage of total XP
 D = Spawn monster count
 E = Non-spawn monster count
 F = Spawn count percentage of total count
 G = Total turns spent on level
                    A         B        C        D         E        F      G
               +---------+---------+-------+---------+---------+-------+---------
         Total |       0 |     359 |   0.0 |       0 |      85 |   0.0 |  2464
               +---------+---------+-------+---------+---------+-------+---------
           D:1 |       0 |      45 |   0.0 |       0 |      30 |   0.0 |  1036
           D:2 |       0 |      90 |   0.0 |       0 |      20 |   0.0 |   748
           D:3 |       0 |     224 |   0.0 |       0 |      35 |   0.0 |   680
               +---------+---------+-------+---------+---------+-------+---------
